 Dungeon Crawl Stone Soup version 0.15.2 (webtiles) character file.

231 Heini the Covered (level 5, 0/47 HPs)
             Began as a Minotaur Fighter on Feb 6, 2015.
             Killed from afar by an orc wizard (8 damage)
             ... with a magic dart
             ... on Level 3 of the Dungeon.
             The game lasted 00:06:19 (2731 turns).

Heini the Covered (Minotaur Fighter)                Turns: 2731, Time: 00:06:19

HP   0/47        AC 10     Str 21      XL: 5   Next: 72%
MP   2/2         EV  6     Int  5      God:
Gold 82          SH  9     Dex 10      Spells:  0 memorised,  4 levels left

rFire  . . .     SeeInvis .     a - +0 flail
rCold  . . .     Clarity  .     b - +0 scale mail
rNeg   . . .     rCorr    .     c - +0 shield
rPois  .         rRot     .     (helmet restricted)
rElec  .         Spirit   .     n - +2 cloak {MR+}
SustAb .         Warding  .     (no gloves)
rMut   .         Stasis   .     (no boots)
Gourm  .                        (no amulet)
MR     +....                    (no ring)
                                m - cursed ring of loudness

@: lethally poisoned, somewhat resistant to hostile enchantments, extremely
unstealthy
A: retaliatory headbutt, horns 2
a: no special abilities


You were on level 3 of the Dungeon.
You were not hungry.

You visited 1 branch of the dungeon, and saw 3 of its levels.

You collected 82 gold pieces.

Inventory:

Hand weapons
 a - a +0 flail (weapon)
Armour
 b - a +0 scale mail (worn)
 c - a +0 shield (worn)
 n - a +2 cloak of magic resistance (worn)
Comestibles
 d - 3 bread rations
 k - 11 fruits
 q - a beef jerky
Scrolls
 h - 2 scrolls of teleportation
Jewellery
 m - a cursed ring of loudness (left hand)
Potions
 e - a potion of might
 f - a potion of heal wounds
 i - a potion of confusion {unknown}
 j - 3 potions of agility {unknown}
 l - 6 potions of curing {unknown}
 o - a potion of haste {unknown}
 p - a potion of restore abilities {unknown}


   Skills:
 * Level 4.8 Fighting
 * Level 4.6 Maces & Flails
 * Level 5.9 Armour
 - Level 3.6 Shields


You had 4 spell levels left.
You didn't know any spells.

Dungeon Overview and Level Annotations

Branches:
Dungeon (3/15)

Altars:
Sif Muna


Innate Abilities, Weirdness & Mutations

You reflexively headbutt those who attack you in melee.
You have a pair of horns on your head.


Message History

You feel sick. The orc wizard casts a spell at you. The magic dart hits you!
The orc wizard becomes somewhat translucent.
You feel sick.
The orc wizard points at you and mumbles some strange words.
The puff of frost hits you!
The orc wizard gestures at you while chanting.
The puff of frost hits you!
Found a deep blue altar of Sif Muna.
The orc wizard points at you and mumbles some strange words.
The puff of frost hits you!
* * * LOW HITPOINT WARNING * * *
You feel sick. The orc wizard casts a spell at you. The magic dart hits you!
* * * LOW HITPOINT WARNING * * *
The orc wizard points at you and mumbles some strange words.
The magic dart hits you!
You die...

##...≈≈≈≈≈...###....#..
#...≈≈...≈≈...#######..
#...≈≈.>.≈≈...##### #..
#...≈≈o..≈≈...#.<.###..
##...≈≈≈≈≈...###.......
#....≈≈≈....# #...#..#
##.........# #...#...
##.......## ##..#...
###@..### #...... #._.#
#..##.# #...######
#..##.#
#####....###.....#
#.............####
#.............####
#########.........
#<.#..###. ##...##...


You could see an orc wizard.

Vanquished Creatures
  An orc priest (D:3)
  Crazy Yiuf (D:2)
  9 adders
  A worm (D:3)
  2 oozes
  6 orcs (D:3)
  7 bats
  5 giant cockroaches
  9 hobgoblins
  4 quokkas
  4 giant geckos
  4 giant newts
  11 goblins
  8 kobolds
  6 rats
78 creatures vanquished.

Notes
Turn   | Place    | Note
--------------------------------------------------------------
     0 | D:1      | Heini, the Minotaur Fighter, began the quest for the Orb.
     0 | D:1      | Reached XP level 1. HP: 19/19 MP: 1/1
    71 | D:1      | Reached skill level 4 in Armour
    89 | D:1      | Reached XP level 2. HP: 22/27 MP: 1/1
   811 | D:2      | Reached XP level 3. HP: 33/33 MP: 2/2
  1477 | D:2      | Reached XP level 4. HP: 40/40 MP: 2/2
  1579 | D:2      | Noticed Crazy Yiuf
  1584 | D:2      | Killed Crazy Yiuf
  1584 | D:2      | Reached skill level 5 in Armour
  2209 | D:3      | Reached XP level 5. HP: 33/47 MP: 2/2
  2726 | D:3      | Found a deep blue altar of Sif Muna.
  2731 | D:3      | Killed from afar by an orc wizard

Action                   |  1- 3 |  4- 6 || total
-------------------------+-------+-------++-------
Melee: Flail             |   117 |   106 ||   223
  Use: Scroll            |     3 |     3 ||     6
  Eat: Chunk             |     2 |     4 ||     6
